 Dungeon Crawl Stone Soup version 0.21-a0-241-g2cbab09 (webtiles) character file.

1582 Espgualade the Chiller (level 8, -1/48 HPs)
             Began as a Tengu Ice Elementalist on Sept 3, 2017.
             Succumbed to a hornet's poison
             ... on level 6 of the Dungeon.
             The game lasted 00:28:20 (7320 turns).

Espgualade the Chiller (Tengu Ice Elementalist)     Turns: 7320, Time: 00:28:20

Health: -1/48      AC:  5    Str: 14    XL:     8   Next: 92%
Magic:  14/15      EV: 15    Int: 22    God:
Gold:   343        SH:  0    Dex: 15    Spells: 1/15 levels left

rFire    . . .     SeeInvis .   l - +2 dagger (protect)
rCold    . . .     Gourm    .   (no shield)
rNeg     . . .     Faith    .   a - +0 robe
rPois    .         Spirit   .   (helmet restricted)
rElec    .         Reflect  .   (no cloak)
rCorr    .         Harm     .   g - +2 pair of gloves
MR       .....                  (boots unavailable)
Stlth    +++.......             h - amulet of magic regeneration
HPRegen  0.16/turn              (no ring)
MPRegen  0.39/turn              (no ring)

@: mighty, brilliant, lethally poisoned (-1 -> -8), slowed, very slow
A: beak, talons 3, able to fly 1
a: Fly


You were on level 6 of the Dungeon.
You were hungry.

You visited 1 branch of the dungeon, and saw 6 of its levels.
You also visited: Sewer.

You collected 343 gold pieces.

Inventory:

Hand Weapons
 l - a +2 dagger of protection (weapon)
Armour
 a - a +0 robe (worn)
 g - a +2 pair of gloves (worn)
Jewellery
 h - an amulet of magic regeneration (around neck)
 j - a +4 amulet of reflection {unknown}
 t - an uncursed amulet of rage {unknown}
Wands
 i - a wand of lightning (14/15)
Scrolls
 f - 4 scrolls of remove curse
 n - 2 scrolls of enchant armour
 u - a scroll of identify
Potions
 d - 4 potions of flight
 e - a potion of degeneration {unknown}
 m - 2 potions of curing
 p - 2 potions of brilliance
 q - a potion of might
 r - 2 potions of agility {unknown}
 s - 4 potions of heal wounds {unknown}
 v - a potion of resistance {unknown}
Books
 b - a book of Frost

   Spells                             Type                      Level
   a - Freeze                         Ice                          1
   b - Throw Frost                    Conjuration/Ice              2
   c - Ozocubu's Armour               Charms/Ice                   3
   d - Throw Icicle                   Conjuration/Ice              4
   e - Summon Ice Beast               Ice/Summoning                4
Comestibles
 c - 4 bread rations
 k - 2 fruits
 o - a royal jelly


   Skills:
 + Level 4.4 Fighting
 - Level 5.0 Dodging
 - Level 5.2 Stealth
 - Level 4.0 Spellcasting
 - Level 1.3 Conjurations
 + Level 2.9 Summonings
 - Level 6.1 Ice Magic


You had one spell level left.
You knew the following spells:

 Your Spells              Type           Power        Failure   Level  Hunger
a - Freeze                Ice            ####         1%          1    None
b - Throw Frost           Conj/Ice       ####..       1%          2    #......
c - Ozocubu's Armour      Chrm/Ice       ####....     1%          3    ###....
d - Throw Icicle          Conj/Ice       ####....     3%          4    ####...
e - Summon Ice Beast      Ice/Summ       #####...     2%          4    ####...


Dungeon Overview and Level Annotations

Branches:
Dungeon (6/15)
 Temple: D:4-7

Altars:
Fedhas
Hepliaklqana
Uskayaw
Wu Jian

Annotations:
D:3 Grinder
D:6 Eustachio


Innate Abilities, Weirdness & Mutations

You have a beak for a mouth.
You have claws for feet.
You can fly.


Message History

* * * LOW HITPOINT WARNING * * *
You feel very sick. The hornet barely misses you. The hornet stings you.
* * * LOW HITPOINT WARNING * * *
You feel as though you will be slow longer.
You feel better. The hornet misses you. The hornet stings you.
* * * LOW HITPOINT WARNING * * *
You feel as though you will be slow longer.
The hornet closely misses you. The hornet stings you.
* * * LOW HITPOINT WARNING * * *
You are lethally poisoned!
You feel as though you will be slow longer.
Casting: Freeze
Confirm with . or Enter, or press ? or * to list all spells.
Aiming: Freeze
Press: ? - help, Shift-Dir - straight line, f - hornet
Aim: a hornet (heavily wounded)
You freeze the hornet.
The hornet is severely wounded.
You die...

#...#♣ ♣#.......##...
#..## ##......'....
#######..# #......##..
.........##
##......'....
######.#..#♣
♣#..[....##..#
..........##
##.##........#
######.#...###
###..##.#.#.#.. #
#.#.#...###.y.###.#.#.#
.# #
#.#.###....@.####)#.# .
# # #.#.#
######......#.# ##
######.#.# ######.#
)........# #.#
######.###############.#
#.................#
###################


You could see a hornet.

Vanquished Creatures
  The ghost of Vlans the Firebug, a novice DEFE (D:5)
  An ice beast (D:5)
  An ogre (D:5)
  2 centaurs (D:5)
  A howler monkey (D:5)
  A crimson imp (D:5)
  2 gnoll shamans
  A jelly (D:5)
  4 orc priests
  2 orc wizards (D:4)
  Terence (D:2)
  3 iguanas
  4 worker ants
  A worker ant zombie (D:5)
  5 adders
  11 gnolls (D:3)
  9 river rats (Sewer)
  A shadow imp (D:5)
  2 oozes
  2 adder skeletons (D:4)
  2 worms (D:2)
  6 leopard geckos
  24 orcs
  3 ball pythons
  7 giant cockroaches
  10 goblins
  14 hobgoblins
  18 jackals
  26 kobolds
  4 quokkas
  5 bats
  11 frilled lizards
  A leopard gecko skeleton (D:5)
  26 rats
212 creatures vanquished.

Notes
Turn   | Place    | Note
-------+----------+-------------------------------------------
     0 | D:1      | Espgualade the Tengu Ice Elementalist began the quest for the Orb.
     0 | D:1      | Reached XP level 1. HP: 10/10 MP: 4/4
   133 | D:1      | Reached skill level 1 in Fighting
   163 | D:1      | Reached XP level 2. HP: 12/16 MP: 1/6
   863 | D:1      | Reached XP level 3. HP: 22/22 MP: 4/7
  1061 | D:1      | Learned a level 2 spell: Throw Frost
  1065 | D:1      | Learned a level 3 spell: Ozocubu's Armour
  1067 | D:2      | Found a hazy altar of Hepliaklqana.
  1443 | D:2      | Reached XP level 4. HP: 19/28 MP: 4/8
  2045 | D:2      | Noticed Terence
  2082 | D:3      | Found a blossoming altar of Fedhas.
  2527 | D:3      | Gained mutation: You can fly. [Tengu growth]
  2527 | D:3      | Reached XP level 5. HP: 31/33 MP: 6/9
  3108 | D:3      | Reached XP level 6. HP: 38/38 MP: 4/10
  3173 | D:3      | Noticed Grinder
  4137 | D:2      | Killed Terence
  4137 | D:2      | Reached XP level 7. HP: 42/43 MP: 3/11
  4298 | D:4      | Reached skill level 5 in Dodging
  4361 | D:4      | Reached skill level 5 in Stealth
  4626 | D:4      | Learned a level 4 spell: Throw Icicle
  4632 | D:5      | Entered Level 5 of the Dungeon
  4790 | D:5      | Found a glowing drain.
  4794 | Sewer    | Entered a sewer
  6134 | D:5      | Reached skill level 3 in Ice Magic
  6251 | D:5      | Found an ornate altar of the Wu Jian Council.
  6389 | D:5      | Reached XP level 8. HP: 47/48 MP: 15/15
  6400 | D:5      | Found a hide-covered altar of Uskayaw.
  6502 | D:5      | Reached skill level 4 in Ice Magic
  6512 | D:5      | Noticed Vlans's ghost (novice DEFE)
  6536 | D:5      | Killed Vlans's ghost
  6536 | D:5      | Reached skill level 5 in Ice Magic
  6825 | D:5      | Reached skill level 6 in Ice Magic
  6854 | D:5      | Learned a level 4 spell: Summon Ice Beast
  7108 | D:6      | Noticed Eustachio
  7305 | D:6      | Noticed a hornet
  7319 | D:6      | HP: 1/48 [hornet (5)]
  7320 | D:6      | Succumbed to a hornet's poison

Vault maps used:
D:1:      zaba_arrival_water
D:2:      overflow_temple_1_default, minmay_heptomino_d4, uniq_terence
D:3:      lemuel_castle_with_subvaults, fedhas_altar_2, uniq_grinder
D:4:      cheibrodos_helix_gallery
D:5:      lemuel_round_altar, basic_altar, first_bread, gup_sewer_entry_bowl
D:6:      cheibrodos_iron_armory, temple_hall, minmay_strange_pillars,
          uniq_eustachio
Sewer:    sewer_minmay_treatment

Skill      XL: |  1  2  3  4  5  6  7  8 |
---------------+-------------------------+-----
Fighting       | 1 2 3 4 |  4.4
Dodging        | 3 4 5 |  5.0
Stealth        | 3 4 5 |  5.2
Spellcasting   | 4 |  4.0
Ice Magic      | 3 6 |  6.1
Summonings     | 2 |  2.9
Conjurations   | |  1.3

Action                   |  1- 3 |  4- 6 |  7- 9 || total
-------------------------+-------+-------+-------++-------
Melee: Unarmed           |    11 |       |       ||    11
       Kick              |    22 |    28 |    51 ||   101
       Peck              |     9 |    19 |    32 ||    60
       Dagger            |    76 |   119 |   218 ||   413
 Cast: Freeze            |    38 |    84 |   125 ||   247
       Throw Frost       |       |    24 |    29 ||    53
       Ozocubu's Armour  |       |     3 |     1 ||     4
 Abil: Fly               |       |       |     4 ||     4
  Use: Scroll            |       |     7 |     3 ||    10
       Potion            |       |     3 |     5 ||     8
 Stab: Sleeping          |     1 |     2 |     8 ||    11
  Eat: Chunk             |     2 |    12 |     8 ||    22
       Bread ration      |       |       |     1 ||     1
       Fruit             |       |       |     1 ||     1
Armor: Robe              |    33 |    40 |    60 ||   133
Dodge: Dodged            |   104 |   122 |   231 ||   457

Table legend:
 A = Spawn XP
 B = Non-spawn XP
 C = Spawn XP percentage of total XP
 D = Spawn monster count
 E = Non-spawn monster count
 F = Spawn count percentage of total count
 G = Total turns spent on level
                    A         B        C        D         E        F      G
               +---------+---------+-------+---------+---------+-------+---------
         Total |     497 |    1764 |  22.0 |      23 |     189 |  10.8 |  7320
               +---------+---------+-------+---------+---------+-------+---------
           D:1 |       7 |      44 |  13.7 |       5 |      26 |  16.1 |  1264
           D:2 |       7 |     133 |   5.0 |       4 |      25 |  13.8 |  1253
           D:3 |       3 |     239 |   1.2 |       2 |      33 |   5.7 |  1224
           D:4 |      92 |     215 |  30.0 |       6 |      20 |  23.1 |   891
           D:5 |     388 |     809 |  32.4 |       6 |      30 |  16.7 |  1256
           D:6 |       0 |     128 |   0.0 |       0 |       7 |   0.0 |   274
         Sewer |       0 |     196 |   0.0 |       0 |      48 |   0.0 |  1158
               +---------+---------+-------+---------+---------+-------+---------
